 Dungeon Crawl Stone Soup version 0.26-a0-504-g0cf647090d (webtiles) character file.

Game seed: 14346507914460298989

512 KristoblXynda the Ducker (level 6, -3/47 HPs)
             Began as a Vampire Gladiator on Aug 8, 2020.
             Was an Initiate of Ashenzari.
             Slain by a sky beast (6 damage)
             ... on level 5 of the Dungeon.
             The game lasted 00:05:52 (3061 turns).

KristoblXynda the Ducker (Vampire Gladiator)        Turns: 3061, Time: 00:05:52

Health: -3/47      AC:  8    Str: 15      XL:     6   Next: 99%
Magic:  6/6        EV: 13    Int: 11      God:    Ashenzari [......]
Gold:   133        SH:  0    Dex: 12 (15) Spells: 5/5 levels left

rFire    . . .     SeeInvis +   a - +0 long sword
rCold    . . .     Faith    .   (no shield)
rNeg     . . .     Spirit   .   l - +0 ring mail (curse)
rPois    .         Reflect  .   c - +0 helmet
rElec    .         Harm     .   (no cloak)
rCorr    .                      k - +0 pair of gloves
MR       .....                  t - +0 pair of boots
Stlth    ++........             j - amulet of the acrobat
HPRegen  0.35/turn              (no ring)
MPRegen  0.10/turn              (no ring)

@: lethally poisoned (-3 -> -3), regenerating quickly
A: fangs 3, see invisible, unbreathing
a: Exsanguinate, Curse Item, Renounce Religion


You were on level 5 of the Dungeon.
You worshipped Ashenzari.
Ashenzari was noncommittal.
You visited 2 branches of the dungeon, and saw 6 of its levels.

You collected 133 gold pieces.

Inventory:

Hand Weapons
 a - a +0 long sword (weapon)
Missiles
 d - 3 throwing nets (quivered)
Armour
 c - a +0 helmet (worn)
 k - a +0 pair of gloves (worn)
 l - a cursed +0 ring mail (worn)
 t - a +0 pair of boots (worn)
Jewellery
 j - an amulet of the acrobat (around neck)
Wands
 v - a wand of polymorph (8)
Scrolls
 e - a scroll of enchant armour {unknown}
 g - 2 scrolls of remove curse
 h - a scroll of enchant weapon {unknown}
 m - a scroll of random uselessness {unknown}
 o - a scroll of fog
 p - 2 scrolls of teleportation
 w - a scroll of fear {unknown}
 x - 2 scrolls of identify
Potions
 b - a potion of flight
 f - a potion of haste {unknown}
 i - a potion of invisibility {unknown}
 n - a potion of heal wounds
 q - a potion of curing {unknown}
 r - a potion of might {unknown}
 s - a potion of ambrosia {unknown}
 u - a potion of mutation {unknown}


   Skills:
 - Level 3.1 Fighting
 + Level 4.7 Long Blades
 - Level 2.0 Throwing
 + Level 1.5 Armour
 + Level 5.1 Dodging
 + Level 5.0 Stealth


You had 5 spell levels left.
You didn't know any spells.
Your spell library contained the following spells:

 Spells                   Type           Power        Failure   Level
 Magic Dart               Conj           #...         56%         1
 Blink                    Tloc           N/A          71%         2
 Call Imp                 Summ           #.......     71%         2
 Slow                     Hex            #.......     71%         2
 Conjure Flame            Conj/Fire      #.......     90%         3
 Mephitic Cloud           Conj/Pois/Air  #.......     90%         3


Dungeon Overview and Level Annotations

Branches:
Dungeon (5/15)             Temple (1/1) D:5

Altars:
Ashenzari
Cheibriados
Dithmenos
Elyvilon
Hepliaklqana
Nemelex Xobeh
Okawaru
Qazlal
Ru
Sif Muna
Trog
Uskayaw
Yredelemnul
Zin
The Shining One

Annotations:
D:4 Eustachio


Innate Abilities, Weirdness & Mutations

Your natural rate of healing is unusually fast.
You have razor-sharp teeth.
You have supernaturally acute eyesight. (SInv)
You can survive without breathing.


Message History

The sky beast closely misses you.
You barely miss the sky beast. Your bite misses the sky beast.
The sky beast is moderately wounded.
You feel sick. The sky beast barely misses you.
You hit the sky beast but do no damage.
The sky beast is moderately wounded.
The sky beast flickers out of sight for a moment.
The sky beast hits you but does no damage.
You closely miss the sky beast.
The sky beast is moderately wounded.
The sky beast hits you.
* * * LOW HITPOINT WARNING * * *
The sky beast shocks you.
* * * LOW HITPOINT WARNING * * *
You barely miss the sky beast. Your bite misses the sky beast.
The sky beast is moderately wounded.
You feel sick. The sky beast hits you.
* * * LOW HITPOINT WARNING * * *
The sky beast shocks you.
You die...

........# ##
####.........# .#
.............# ..#
.............# ...#
.............##...#
#.#.#.#.#.#....).##
#..................
#.#.......#........
#(@..).............
#Y#)..>.).#........
#.(((..))...###....
#.#.......#.# ....
#..............
.o..
#..#.#.#.#.#.....
..
#...............o.
#.......<#!.......
#.....(..####.....


You could see a sky beast (invisible).

Vanquished Creatures
  A centaur (D:5)
  An ogre (D:4)
  A water moccasin skeleton (D:4)
  A jelly (D:4)
  2 hounds
  Robin (D:2)
  6 adders
  A shadow imp (D:3)
  3 oozes
  An adder skeleton (D:4)
  3 worms
  2 dart slugs
  2 leopard geckos (D:1)
  6 orcs
  2 giant cockroaches (D:3)
  17 goblins
  14 hobgoblins
  10 jackals
  6 kobolds
  3 quokkas (D:2)
  3 ball pythons
  3 bats
  3 frilled lizards
  A leopard gecko skeleton (D:4)
  10 rats
103 creatures vanquished.

Notes
Turn   | Place    | Note
-------+----------+-------------------------------------------
     0 | D:1      | KristoblXynda the Vampire Gladiator began the quest for the
                  | Orb.
     0 | D:1      | Reached XP level 1. HP: 16/16 MP: 1/1
   106 | D:1      | Reached XP level 2. HP: 21/22 MP: 2/2
   501 | D:2      | Reached XP level 3. HP: 27/27 MP: 3/3
   558 | D:2      | Reached skill level 1 in Stealth
   598 | D:2      | Noticed Robin
   628 | D:2      | Killed Robin
   687 | D:2      | Reached XP level 4. HP: 34/34 MP: 4/4
  1223 | D:2      | Found a faded altar of an unknown god.
  1389 | D:3      | Found a hide-covered altar of Uskayaw.
  1416 | D:3      | Found a bloodstained altar of Trog.
  1426 | D:3      | Reached XP level 5. HP: 39/40 MP: 5/5
  1891 | D:4      | Noticed an ogre
  1898 | D:4      | Killed an ogre
  1898 | D:4      | Reached XP level 6. HP: 26/47 MP: 6/6
  1899 | D:4      | Found a white marble altar of Elyvilon.
  2298 | D:4      | Reached skill level 1 in Armour
  2346 | D:4      | Noticed Eustachio
  2751 | D:5      | Entered Level 5 of the Dungeon
  2791 | D:5      | Found a staircase to the Ecumenical Temple.
  2804 | Temple   | Entered the Ecumenical Temple
  2815 | Temple   | Became a worshipper of Ashenzari the Shackled
  3017 | D:5      | Noticed a sky beast
  3046 | D:5      | Reached skill level 5 in Dodging
  3049 | D:5      | Reached skill level 5 in Stealth
  3061 | D:5      | Slain by a sky beast

Illustrated notes

Levels and vault maps discovered:
D:1:      wander_arrival_peaceful_grave, layout_rooms, glass_columns_c
D:2:      minmay_spotlight, layout_basic, chequers_ecumenical_altar_lobes,
          minmay_misc_feat_tower, uniq_robin
D:3:      layout_rooms, old_standard_altar, eat_drink_and_be_merry_uskayaw,
          minivault_24
D:4:      layout_basic, marbit_many_paths, corexii_corridor_pit, uniq_eustachio
D:5:      kb_forest_paths, layout_basic,
          grunt_temple_overflow_lords_of_destruction,
          fedhas_bush_and_centaur_altar, xom_teletrap_fun,
          minmay_temple_entry_glass, basic_altar, cheibriados_altar_1,
          uniq_grinder
Temple:   hc_temple_tempest_star

Skill      XL: |  1  2  3  4  5  6 |
---------------+-------------------+-----
Fighting       | 2 3 |  3.1
Throwing       | 2 |  2.0
Stealth        | 1 2 4 5 |  5.0
Dodging        | 4 5 |  5.1
Long Blades    | 4 |  4.7
Armour         | 1 |  1.5

Action                   |  1- 3 |  4- 6 || total
-------------------------+-------+-------++-------
Melee: Long sword        |    98 |   277 ||   375
       Bite              |    12 |    36 ||    48
  Use: Scroll            |       |     4 ||     4
       Potion            |       |     1 ||     1
 Stab: Sleeping          |     1 |     4 ||     5
Armor: Leather armour    |    26 |    14 ||    40
       Ring mail         |       |   113 ||   113
Dodge: Dodged            |    75 |   325 ||   400
       Rpst.: Long sword |    22 |    76 ||    98

Table legend: (Time is in decaauts)
 A = Elapsed time spent in this place.
 B = Non-inter-level travel time spent in this place.
 C = Inter-level travel time spent in this place.
 D = Time resting spent in this place.
 E = Time spent auto-exploring this place.
 F = Levels seen in this place.
 G = Mean time per level.
                   A        B        C        D        E       F      G
               +--------+--------+--------+--------+--------+-----+--------+
         Total |   3140 |   3049 |     91 |    191 |   1863 |   6 |  523.3 |
       Dungeon |   2931 |   2844 |     87 |    191 |   1680 |   5 |  586.2 |
        Temple |    208 |    204 |      4 |      0 |    183 |   1 |  208.0 |
               +--------+--------+--------+--------+--------+-----+--------+

Top non-repeatable levels by time:
     D:4: 941 daAuts
     D:2: 862 daAuts
     D:3: 540 daAuts
     D:1: 478 daAuts
  Temple: 208 daAuts
     D:5: 107 daAuts
